 Dungeon Crawl Stone Soup version 0.30-a0-170-g85af917532 (webtiles) character file.

Game seed: 6646658735381103663

6 spaghetti the Ruffian (level 2, -2/37 HPs)
             Began as a Djinni Berserker on Sept 30, 2022.
             Was a Follower of Trog.
             Slain by a goblin
             ... wielding a +0 club
              (4 damage)
             ... on level 1 of the Dungeon.
             The game lasted 00:00:32 (471 turns).

spaghetti the Ruffian (Djinni Berserker)             Turns: 471, Time: 00:00:33

Health: -2/37      AC:  2    Str: 16    XL:     2   Next: 0%
Gold:   0          EV: 12    Int:  8    God:    Trog [*.....] SH:  0 Dex: 12

rFire   + + .      SeeInvis .      - Unarmed
rCold   x . .      Faith    .    (no shield)
rNeg    . . .      Spirit   .    a - +0 animal skin
rPois   ∞          Reflect  .    (no helmet)
rElec   .          Harm     .    (no cloak)
rCorr   .          Rampage  .    (no gloves)
Will    .....                    (boots unavailable)
Stlth   ..........               (no amulet)
HPRegen 0.12/turn                (no ring)
MPRegen 0.00/turn                (no ring)

@: berserking, flying, very quick
A: sickness immunity, fire resistance 2, cold vulnerability 1, float, innate
caster, HP casting, extra vitality 1
a: Renounce Religion, Berserk


You were on level 1 of the Dungeon.
You worshipped Trog.
Trog was aware of your devotion.
You visited 1 branch of the dungeon, and saw 1 of its levels.


Innate Abilities, Weirdness & Mutations

You are immune to sickness and miasma.
You are immune to poison.
Your flesh is very heat resistant. (rF++)
You are vulnerable to cold. (rC-)
You float through the air rather than walking.
You learn spells naturally, not from books.
Your magical power is your life essence.
You have superior vitality. (+4 MHP)


   Skills:
 + Level 3.1 Fighting
 - Level 2.0 Armour
 - Level 2.1 Dodging
 * Level 3.3 Unarmed Combat


You had one spell level left.
You didn't know any spells.
Your spell library was empty.

Inventory:

Missiles
 b - 13 stones (quivered) {throwing}
Armour
 a - a +0 animal skin (worn)
Scrolls
 d - a scroll of immolation {unknown}
Potions
 c - a potion of lignification {unknown}

Dungeon Overview and Level Annotations

Branches:
Dungeon (1/15) Zot: 5517

Altars:

########## ........$#
.........# .........#
.........#######
..=..J.........#########
......lK.#####..........
......g@..!.........####
....#....#####..###.# #
. ##..........# #.# #
#.########.## #.# # #$#
..# #.# # ## .### #.## #
#. #..### # ##.... #.###


You could see an endoplasm, a goblin, a kobold and a frilled lizard.


Message History

You take 1 damage, and now have 17/20 hp.
You hit the ball python.
You kill the ball python!
Trog accepts your kill. The ball python barely misses you.
The ball python constricts you.
The ball python's grasp on you weakens, but your attempt to escape fails.
The ball python bites you but does no damage.
The ball python constricts you.
You barely miss the ball python. The ball python bites you.
The ball python constricts you. 😮 HP[-2]
You take 2 damage, and now have 15/20 hp.
You hit the ball python.
You kill the ball python!
Trog accepts your kill.
Key pressed, stopping explore.
d - a scroll labelled XAEHOAXE GIYG 😎 HP[+5]
Your hp is fully restored (20).
Key pressed, stopping explore.
Key pressed, stopping explore.
An endoplasm comes into view.
The endoplasm quivers.
You see here a murky purple potion.
A frilled lizard and a goblin come into view.
The endoplasm jiggles.
A kobold comes into view. It is wielding a +0 whip.
The goblin shouts!
The kobold shouts!
You hit the endoplasm. The endoplasm hits you. 😕 HP[-1]
You take 1 damage, and now have 19/20 hp.
You are too injured to fight recklessly!
You are too injured to fight recklessly!
You are too injured to fight recklessly!
You are too injured to fight recklessly!
You are too injured to fight recklessly!
You are too injured to fight recklessly!
You are too injured to fight recklessly!
You are too injured to fight recklessly!
You are too injured to fight recklessly!
You are too injured to fight recklessly!
You are too injured to fight recklessly!
You are too injured to fight recklessly!
You are too injured to fight recklessly!
You are too injured to fight recklessly!
You are too injured to fight recklessly!
You are too injured to fight recklessly!
You are too injured to fight recklessly!
You hit the endoplasm but do no damage. The endoplasm hits you. 😕 HP[-2]
You take 2 damage, and now have 17/20 hp.
You hit the endoplasm.
You kill the endoplasm!
Trog accepts your kill.
You have reached level 2! 😕 HP[+4]
You now have 25 max hp (+5).
You regained 4 hp, and now have 21/25 hp.
You are too injured to fight recklessly!
You are too injured to fight recklessly!
You are too injured to fight recklessly!
You are too injured to fight recklessly!
You are too injured to fight recklessly!
You are too injured to fight recklessly!
You are too injured to fight recklessly!
You are too injured to fight recklessly!
The goblin closely misses you.
You closely miss the goblin. You hit the goblin but do no damage.
The goblin barely misses you.
An endoplasm comes into view.
The frilled lizard bites you.
The endoplasm quivers.
You hit the goblin but do no damage. The goblin closely misses you.
The kobold hits you with a +0 whip. The frilled lizard barely misses you.
You barely miss the goblin. The goblin barely misses you.
The kobold hits you with a +0 whip. The frilled lizard bites you.
* * * LOW HITPOINT WARNING * * *
You completely miss the goblin. The goblin closely misses you.
The kobold barely misses you. The frilled lizard bites you.
* * * LOW HITPOINT WARNING * * *
😨 HP[-12]
You take 12 damage, and now have 9/25 hp.
MASSIVE DAMAGE!! (PAUSE)
You closely miss the goblin. The goblin hits you with a +0 club.
* * * LOW HITPOINT WARNING * * *
The kobold closely misses you.
The frilled lizard closely misses you. 😱 HP[-3]
You take 3 damage, and now have 6/25 hp.
Unknown command.
You fail to use your ability.
The goblin misses you. The kobold hits you with a +0 whip.
* * * LOW HITPOINT WARNING * * *
The frilled lizard barely misses you. 😱 HP[-5]
You take 5 damage, and now have 1/25 hp.
Unknown command.
A red film seems to cover your vision as you go berserk!
You feel yourself moving faster!
You feel mighty! The goblin hits you with a +0 club.
You die...

Action                   || total
-------------------------++-------
Melee: Unarmed           ||    26
Invok: Berserk           ||     2
 Stab: Sleeping          ||     1
Armor: Animal skin       ||     4
Dodge: Dodged            ||    22

Levels and vault maps discovered:
D:1:      lemuel_arrival_lava_pool, layout_loops_ring

Notes
Turn   | Place    | Note
-------+----------+-------------------------------------------
     0 | D:1      | spaghetti the Djinni Berserker began the quest for the Orb.
     0 | D:1      | Reached XP level 1. HP: 20/20 MP: 0/0
     0 | D:1      | magus.rc [v1.9.6]
   463 | D:1      | Reached XP level 2. HP: 21/25 MP: 0/0
   469 | D:1      | HP: 6/25 [goblin/+0 club (3)]
   470 | D:1      | HP: 1/25 [kobold/+0 whip (5)]
   471 | D:1      | Slain by a goblin

Vanquished Creatures
  2 endoplasms (D:1)
  3 ball pythons (D:1)
  A bat (D:1)
6 creatures vanquished.

Table legend:
 A = Non-vault XP
 B = Vault XP
 C = Vault XP percentage of total XP
 D = Non-vault monster count
 E = Vault monster count
 F = Vault count percentage of total count
                 A         B        C        D         E       F
            +---------+---------+-------+---------+---------+-------
      Total |       9 |       0 |   0.0 |       6 |       0 |   0.0
            +---------+---------+-------+---------+---------+-------
        D:1 |       9 |       0 |   0.0 |       6 |       0 |   0.0
            +---------+---------+-------+---------+---------+-------

Illustrated notes

Table legend:
 A = Kills in this place as a percentage of kills in entire the game.
 B = Kills by you in this place as a percentage of kills by you in the entire game.
 C = Kills by friends in this place as a percentage of kills by friends in the entire game.
 D = Other kills in this place as a percentage of other kills in the entire game.
 E = Experience gained in this place as a percentage of experience gained in the entire game.
 F = Experience gained in this place divided by the number of levels of this place that you have seen.
                   A       B       C       D       E      F
               +-------+-------+-------+-------+-------+----------------------
         Total | 100.0 | 100.0 |   N/A |   N/A | 100.0 |   9.0
       Dungeon | 100.0 | 100.0 |   N/A |   N/A | 100.0 |   9.0
               +-------+-------+-------+-------+-------+----------------------

Table legend: (Time is in decaauts)
 A = Elapsed time spent in this place.
 B = Non-inter-level travel time spent in this place.
 C = Inter-level travel time spent in this place.
 D = Time resting spent in this place.
 E = Time spent auto-exploring this place.
 F = Levels seen in this place.
 G = Mean time per level.
                   A        B        C        D        E       F      G
               +--------+--------+--------+--------+--------+-----+--------+
         Total |    481 |    481 |      0 |      1 |    427 |   1 |  481.0 |
       Dungeon |    481 |    481 |      0 |      1 |    427 |   1 |  481.0 |
               +--------+--------+--------+--------+--------+-----+--------+

Top non-repeatable levels by time:
     D:1: 481 daAuts
